 Dungeon Crawl Stone Soup version 0.25-a0-42-g6c54e25894 (webtiles) character file.

Game seed: 9038387125203967188, levelgen mode: deterministic

3714 Esekla the Thaumaturge (level 9, -6/45 HPs)
             Began as a Deep Elf Wizard on Oct 22, 2019.
             Was an Initiate of Ashenzari.
             Mangled by a two-headed ogre
             ... wielding a +0 giant club
              (20 damage)
             ... on level 8 of the Dungeon on Oct 23, 2019.
             The game lasted 01:43:08 (10165 turns).

Esekla the Thaumaturge (Deep Elf Wizard)           Turns: 10165, Time: 01:43:09

Health: -6/45      AC: 26    Str:  7    XL:     9   Next: 91%
Magic:  1/23       EV: 12    Int: 24    God:    Ashenzari [......]
Gold:   430        SH:  0    Dex: 13    Spells: 16/25 levels left

rFire    . . .     SeeInvis .   p - +0 dagger (protect)
rCold    . . .     Gourm    .   (no shield)
rNeg     . . .     Faith    .   K - +4 ring mail (curse)
rPois    .         Spirit   .   N - +2 hat (curse)
rElec    .         Reflect  .   w - +0 cloak
rCorr    .         Harm     .   (no gloves)
MR       .....                  (no boots)
Stlth    ++........             o - amulet of rage
HPRegen  0.15/turn              C - +3 ring of protection
MPRegen  0.18/turn              R - +4 ring of protection (curse)

@: protection aura, studying Bows
A: no striking features
a: Curse Item, Renounce Religion, Evoke Berserk Rage


You were on level 8 of the Dungeon.
You worshipped Ashenzari.
Ashenzari was noncommittal.
You were near starving.

You visited 2 branches of the dungeon, and saw 10 of its levels.

You collected 430 gold pieces.

Inventory:

Hand Weapons
 b - a +0 shortbow
 h - a +2 falchion of holy wrath
 p - a +0 dagger of protection (weapon)
 F - a +1 dagger of speed
 M - a +4 spear of piercing
Missiles
 i - 8 poisoned darts (quivered)
 r - 4 atropa-tipped darts
 y - 13 boomerangs
 L - 2 curare-tipped darts
 O - 3 silver boomerangs
Armour
 a - a +0 robe
 t - a +0 helmet
 w - a +0 cloak (worn)
 K - a cursed +4 ring mail (worn)
 N - a cursed +2 hat (worn)
Jewellery
 k - an uncursed ring of protection from fire
 m - an uncursed ring of see invisible
 o - an amulet of rage (around neck)
 C - a +3 ring of protection (left hand)
 R - a cursed +4 ring of protection (right hand)
 U - an uncursed ring of wizardry
Wands
 v - a wand of paralysis (4)
 B - a wand of polymorph (9)
 D - a wand of random effects (20)
Scrolls
 c - a scroll of fear
 e - 2 scrolls of magic mapping {unknown}
 l - 2 scrolls of identify
 q - 2 scrolls of enchant weapon {unknown}
 A - a scroll of noise {unknown}
 E - 2 scrolls of teleportation {unknown}
 H - a scroll of vulnerability {unknown}
 I - 2 scrolls of blinking {unknown}
 J - a scroll of enchant armour {unknown}
 Q - 2 scrolls of amnesia {unknown}
 W - 2 scrolls of fog {unknown}
Potions
 f - 2 potions of invisibility
 j - a potion of resistance
 n - 2 potions of heal wounds
 s - a potion of magic
 u - a potion of flight
 x - 3 potions of curing
 z - a potion of ambrosia
 G - a potion of might
 P - a potion of cancellation
 S - 2 potions of haste
 T - 2 potions of degeneration {unknown}
Books
 V - a manual of Bows
Comestibles
 d - 11 rations


   Skills:
 + Level 3.0(4.0) Short Blades
 + Level 3.5(4.0) Long Blades
 * Level 3.5 Bows
 * Level 5.7 Dodging
 - Level 5.2 Stealth
 + Level 8.8 Spellcasting
 * Level 7.6 Conjurations
   Level 1.1 Summonings
 * Level 2.4 Translocations
 + Level 1.7 Fire Magic
 + Level 4.2 Air Magic
 + Level 5.2 Poison Magic


You had 16 spell levels left.
You knew the following spells:

 Your Spells              Type           Power        Failure   Level  Hunger
a - Magic Dart            Conj           ####         1%          1    None
b - Blink                 Tloc           N/A          12%         2    None
c - Mephitic Cloud        Conj/Pois/Air  #####...     6%          3    None
f - Conjure Flame         Conj/Fire      ####....     9%          3    None

Your spell library contained the following spells:

 Spells                   Type           Power        Failure   Level  Hunger
 Call Imp                 Summ           ###.....     21%         2    None
 Slow                     Hex            ##......     32%         2    None


Dungeon Overview and Level Annotations

Branches:
Dungeon (9/15)             Temple (1/1) D:4
   Lair: D:8-11         Orc: D:9-12

Altars:
Ashenzari
Dithmenos
Elyvilon
Fedhas
Hepliaklqana
Kikubaaqudgha
Makhleb
Okawaru
Qazlal
Ru
Sif Muna
Trog
Uskayaw
Vehumet
Wu Jian
Xom
Zin
The Shining One

Annotations:
D:3 1 runed translucent door, Fingolfin's ghost, amateur NaWz
D:4 2 transporters
D:8 Harold
D:9 2 transporters, Yorgos's ghost, novice TrAK


Message History

There is a stone staircase leading up here.
Casting: Mephitic Cloud (safe; 6% risk of failure)
Confirm with . or Enter, or press ? or * to list all spells.
Aiming: Mephitic Cloud (safe; 6% risk of failure)
Press: ? - help, Shift-Dir - straight line, f/p - two-headed ogre
Aim: a two-headed ogre, wielding a +0 giant club and a -3 giant club (heavily wounded)
The ball explodes into a vile cloud!
The stinking cloud engulfs the two-headed ogre but does no damage.
The two-headed ogre is heavily wounded.
The two-headed ogre is engulfed in noxious fumes.
There is a stone staircase leading up here.
You hit the two-headed ogre but do no damage.
Your weapon exudes an aura of protection.
The two-headed ogre is severely wounded.
The two-headed ogre hits you but does no damage.
The two-headed ogre hits you with a cursed -3 giant club!
* * * LOW HITPOINT WARNING * * *
The two-headed ogre hits you but does no damage.
The two-headed ogre hits you with a cursed -3 giant club!!
You die...

#.....# ...............#..##
.....###...................#
.....###..............#...##
#..#............<.....#..##
##.###.........☼○........#
....###...#.....☼°.......#
....#.....#....☼.°.......##
................O.##......#
............#...@####.....#
............#..### ###.###
##.###..##.....# #.#
#....#.##......# ###
...#.####.....## .....#
##.....# ..#### ###.### ###
### #


You could see a two-headed ogre.

Vanquished Creatures
  Pikel (D:5)
  A queen bee (D:7)
  3 hippogriffs
  Menkaure (D:6)
  An eye of draining (D:9)
  A sky beast (D:5)
  3 ogres
  A centaur (D:8)
  3 bullfrogs
  A scorpion (D:4)
  14 killer bees
  3 howler monkeys
  A bullfrog zombie (D:9)
  3 orc priests
  2 centaur skeletons
  5 hounds
  Terence (D:3)
  Jessica (D:2)
  4 orc wizards
  5 worker ants
  A hound skeleton (D:7)
  A worker ant zombie (D:7)
  Robin (D:2)
  13 gnolls
  A howler monkey skeleton (D:4)
  6 adders
  2 shadow imps
  An ooze (D:3)
  An adder zombie (D:7)
  4 worms
  2 dart slugs
  6 leopard geckos
  20 orcs
  11 bats
  8 giant cockroaches
  16 goblins
  10 hobgoblins
  15 jackals
  5 kobolds
  3 quokkas
  A ball python (D:1)
  2 frilled lizards
  A quokka skeleton (D:5)
  7 rats
  A spectral orc (D:8)
194 creatures vanquished.

Vanquished Creatures (others)
  7 fungi (D:9)
7 creatures vanquished.

Grand Total: 201 creatures vanquished

Notes
Turn   | Place    | Note
-------+----------+-------------------------------------------
     0 | D:1      | Esekla the Deep Elf Wizard began the quest for the Orb.
     0 | D:1      | Reached XP level 1. HP: 10/10 MP: 7/7
   173 | D:1      | Reached XP level 2. HP: 15/15 MP: 1/9
   177 | D:1      | Learned a level 2 spell: Blink
   252 | D:1      | Reached skill level 5 in Spellcasting
   727 | D:2      | Noticed Robin
  1171 | D:1      | Reached XP level 3. HP: 19/19 MP: 7/11
  1176 | D:1      | Learned a level 3 spell: Mephitic Cloud
  1180 | D:1      | Learned a level 3 spell: Conjure Flame
  1914 | D:2      | Reached skill level 1 in Poison Magic
  2090 | D:1      | Reached XP level 4. HP: 18/24 MP: 3/13
  2891 | D:2      | Reached skill level 1 in Air Magic
  2919 | D:2      | Noticed Jessica
  2946 | D:2      | Killed Jessica
  2946 | D:2      | Reached XP level 5. HP: 22/28 MP: 11/15
  3076 | D:2      | Found a hide-covered altar of Uskayaw.
  3125 | D:2      | Killed Robin
  3169 | D:2      | Found a burning altar of Makhleb.
  3540 | D:3      | Found a shimmering altar of Xom.
  3657 | D:3      | Found a runed translucent door.
  3658 | D:3      | Noticed Fingolfin's ghost (amateur NaWz)
  3733 | D:3      | Noticed Terence
  3765 | D:3      | Killed Terence
  3765 | D:3      | Reached XP level 6. HP: 27/32 MP: 3/16
  3888 | D:4      | Found a staircase to the Ecumenical Temple.
  3923 | Temple   | Entered the Ecumenical Temple
  4204 | D:4      | Reached skill level 1 in Short Blades
  4485 | D:4      | Reached skill level 6 in Spellcasting
  4499 | D:4      | Found a stormy altar of Qazlal.
  4500 | D:4      | Noticed a hippogriff
  4590 | D:4      | Found a transporter.
  4660 | D:4      | Found a shadowy altar of Dithmenos.
  4710 | D:4      | Found a transporter.
  4860 | D:5      | Entered Level 5 of the Dungeon
  4920 | D:5      | Reached XP level 7. HP: 36/36 MP: 8/18
  5366 | D:5      | Found a shadowy altar of Dithmenos.
  5426 | D:5      | Noticed a hippogriff
  5450 | D:5      | Killed a hippogriff
  5829 | D:5      | Reached skill level 5 in Conjurations
  5829 | D:5      | Reached XP level 8. HP: 35/41 MP: 16/20
  5894 | D:6      | Noticed Pikel
  5940 | D:5      | Killed Pikel
  5940 | D:5      | Reached skill level 7 in Spellcasting
  6612 | D:6      | Noticed Menkaure
  6633 | D:6      | Killed Menkaure
  6633 | D:6      | Reached skill level 5 in Poison Magic
  7247 | D:7      | Noticed a hippogriff
  7306 | D:7      | Killed a hippogriff
  7517 | D:7      | Reached XP level 9. HP: 43/45 MP: 17/22
  7538 | D:7      | Reached skill level 5 in Stealth
  8071 | D:7      | Reached skill level 1 in Long Blades
  8161 | D:8      | Reached skill level 1 in Fire Magic
  8221 | D:8      | Noticed a two-headed ogre
  8283 | D:9      | Found a transporter.
  8296 | D:9      | Found a transporter.
  8296 | D:9      | Noticed Yorgos's ghost (novice TrAK)
  8297 | D:9      | Noticed a death knight
  8587 | D:9      | Reached skill level 8 in Spellcasting
  8806 | D:7      | Reached skill level 5 in Dodging
  8938 | D:8      | Noticed a queen bee
  8944 | D:7      | Reached skill level 1 in Bows
  9307 | D:7      | Killed a queen bee
  9574 | D:8      | Noticed Harold
  9737 | Temple   | Became a worshipper of Ashenzari the Shackled
 10165 | D:8      | Mangled by a two-headed ogre

Levels and vault maps discovered:
D:1:      lightli_arrival_maybe_door_vault, layout_basic
D:2:      layout_rooms, lemuel_crystal_altar, nicolae_overflow_hidden_temple,
          kennysheep_jessica_study, uniq_robin
D:3:      layout_rooms, brannock_xom_greatest_gift,
          hellmonk_ghost_happy_afterlife, uniq_terence
D:4:      layout_cave_pods, gammafunk_temple_overflow_arena,
          minmay_temple_entry_mist, first_ration,
          chequers_serial_rivers_large_b, skrybe_limestone_x,
          lemuel_altar_in_water
D:5:      layout_basic, kennysheep_little_box, corexii_corridor_pit,
          kennysheep_generic_room_13
D:6:      layout_layer_cave, uniq_menkaure, uniq_pikel
D:7:      layout_loops_corners
D:8:      layout_cave_pools, yredelemnul_forgotten_temple_becter,
          gammafunk_temple_overflow_wave, david_nohive_1, minmay_manual_mess,
          uniq_harold
D:9:      layout_roguey, overflow_temple_1_default,
          grunt_lair_entry_orc_guard_hut, serial_shops, shop,
          gammafunk_ghost_mausoleum
Temple:   nicolae_temple_figure_eight

Skill      XL: |  1  2  3  4  5  6  7  8  9 |
---------------+----------------------------+-----
Spellcasting   | 5 6 7 8 |  8.8
Conjurations   | 2 3 4 5 6 7 |  7.6
Poison Magic   | 1 2 3 4 5 |  5.2
Air Magic      | 1 2 3 4 |  4.2
Stealth        | 3 4 5 |  5.2
Short Blades   | 1 2 3 |  3.0
Dodging        | 3 4 5 |  5.7
Translocations | 2 |  2.4
Long Blades    | 3 |  3.5
Fire Magic     | 1 |  1.7
Bows           | 3 |  3.5
Summonings     | |  1.1

Action                   |  1- 3 |  4- 6 |  7- 9 || total
-------------------------+-------+-------+-------++-------
Melee: Dagger            |    43 |   178 |   178 ||   399
       Falchion          |       |     6 |    58 ||    64
       Spear             |       |       |    41 ||    41
 Fire: Shortbow          |       |       |    23 ||    23
Throw: Dart              |       |     1 |    42 ||    43
 Cast: Magic Dart        |    97 |   164 |   194 ||   455
       Blink             |     3 |     6 |    20 ||    29
       Mephitic Cloud    |     3 |    11 |    27 ||    41
       Conjure Flame     |     1 |       |    16 ||    17
Invok: Curse Item        |       |       |     2 ||     2
  Use: Scroll            |       |     4 |     5 ||     9
       Potion            |       |     1 |     1 ||     2
 Stab: Sleeping          |     2 |     7 |     4 ||    13
       Confused          |     2 |     4 |    20 ||    26
  Eat: Chunk             |     3 |     7 |     4 ||    14
       Ration            |       |     1 |     3 ||     4
Armor: Robe              |    20 |    84 |   106 ||   210
       Ring mail         |       |       |    17 ||    17
Dodge: Dodged            |    54 |   150 |   267 ||   471
       Rpst.: Falchion   |       |     4 |    38 ||    42

Table legend:
 A = Non-vault XP
 B = Vault XP
 C = Vault XP percentage of total XP
 D = Non-vault monster count
 E = Vault monster count
 F = Vault count percentage of total count
                 A         B        C        D         E       F
            +---------+---------+-------+---------+---------+-------
      Total |    3065 |    2242 |  42.2 |     158 |      36 |  18.6
            +---------+---------+-------+---------+---------+-------
        D:1 |      78 |       5 |   6.0 |      31 |       3 |   8.8
        D:2 |      97 |      67 |  40.9 |      21 |      10 |  32.3
        D:3 |     105 |      38 |  26.6 |      29 |       1 |   3.3
        D:4 |     232 |       0 |   0.0 |      11 |       0 |   0.0
        D:5 |     836 |     631 |  43.0 |      19 |       2 |   9.5
        D:6 |     109 |     175 |  61.6 |       9 |       1 |  10.0
        D:7 |     640 |     925 |  59.1 |      13 |      11 |  45.8
        D:8 |     700 |     335 |  32.4 |      22 |       7 |  24.1
        D:9 |     268 |      66 |  19.8 |       3 |       1 |  25.0
            +---------+---------+-------+---------+---------+-------
